 Dungeon Crawl Stone Soup version 0.29.1-12-g30fa7ad0bf (webtiles) character file.

Game seed: 12229848408263640831

190579 Nickssm the Warrior (level 18, -5/193 HPs)
             Began as a Gargoyle Earth Elementalist on Jan 13, 2023.
             Was the Champion of Vehumet.
             Slain by a spriggan
             ... wielding a +0 spear
             ... led by the Enchantress
              (10 damage)
             ... on level 1 of the Depths on Jan 14, 2023.
             The game lasted 04:44:26 (46661 turns).

Nickssm the Warrior (Gargoyle Earth Elementalist)  Turns: 46661, Time: 04:44:28

Health: -5/193     AC: 32    Str: 13    XL:     18   Next: 17%
Magic:  27/44      EV:  2    Int: 23    God:    Vehumet [******]
Gold:   2089       SH: 10    Dex: 10    Spells: 23/43 levels left

rFire   . . .      SeeInvis .   I - +8 autumn katana {vorpal, manifold assault}
rCold   . . .      Faith    .   Z - +1 kite shield {AC+3}
rNeg    + . .      Spirit   .   (body armour currently unavailable)
rPois   ∞          Reflect  .   (helmet currently unavailable)
rElec   .          Harm     .   (cloak currently unavailable)
rCorr   .          Rampage  .   (gloves currently unavailable)
Will    ++...      NoTele   +   (boots currently unavailable)
Stlth   ++........              y - amulet of magic regeneration
HPRegen 0.42/turn               N - ring of willpower
MPRegen 0.69/turn               x - ring of magical power

@: tree-form, untranslocatable, hasted, very quick
A: stationary, stasis, torment immunity, boosted hp, sickness immunity, AC +13,
(big wings), negative energy resistance 1, (electricity resistance), torment
resistance 1, petrification resistance
}: 1/15 runes: barnacled
a: Renounce Religion


You were on level 1 of the Depths.
You worshipped Vehumet.
Vehumet was exalted by your worship.
You were a tree.
You visited 6 branches of the dungeon, and saw 28 of its levels.
You also visited: Sewer.

You collected 3269 gold pieces.
You spent 1180 gold pieces at shops.

Inventory:

Hand Weapons
 I - the +8 autumn katana (weapon) {vorpal, manifold assault}
   (You bought it in a shop on level 3 of the Dungeon)

   It sometimes launches melee attacks against multiple visible enemies.
 R - the +9 dagger "Kolanwuimp" {vamp, Fly Int+6 SInv}
   (You found it on level 2 of the Lair of Beasts)

   It occasionally heals its wielder for a portion of the damage dealt when it
   wounds a living foe.
   Int:       It affects your intelligence (+6).
   SInv:      It lets you see invisible.
   Fly:       It grants you flight.
Missiles
 o - 240 stones
Armour
 d - a +1 ring mail of willpower
 r - +0 steam dragon scales
 w - a +2 helmet of intelligence (melded)
 E - a +1 cloak (melded)
 K - a +2 pair of gloves (melded)
 O - the +5 ring mail "Amuwn" (melded) {rF+ rC- Int+3 Dex+5}
   (You found it on level 1 of the Lair of Beasts)

   Int:       It affects your intelligence (+3).
   Dex:       It affects your dexterity (+5).
   rF:        It protects you from fire.
   rC:        It makes you vulnerable to cold.
 Q - +0 ice dragon scales
 X - a +2 buckler of protection
 Z - a +1 kite shield of protection (worn)
Magical Staves
 M - a staff of fire
Jewellery
 e - a ring of protection from cold
 i - a ring of positive energy
 q - a ring of wizardry
 s - a ring of protection from cold
 x - a ring of magical power (right branch)
 y - an amulet of magic regeneration (around neck)
 C - an amulet of the acrobat
 N - a ring of willpower (left branch)
 U - a ring of protection from fire
 W - a ring of ice
Wands
 a - a wand of light (5)
 g - a wand of paralysis (6)
 p - a wand of flame (33)
 B - a wand of iceblast (17)
 T - a wand of mindburst (10)
Scrolls
 c - 4 scrolls of amnesia
 k - 5 scrolls of fear
 l - a scroll of silence
 v - 2 scrolls of enchant weapon
 z - 2 scrolls of torment
 A - 5 scrolls of poison
 D - 8 scrolls of teleportation
 L - 6 scrolls of magic mapping
 P - 2 scrolls of blinking
 S - 3 scrolls of enchant armour
 V - 5 scrolls of vulnerability
 Y - 4 scrolls of immolation
Potions
 b - a potion of magic
 f - 11 potions of curing
 h - 4 potions of lignification
 j - 4 potions of flight
 m - 3 potions of resistance
 n - a potion of invisibility
 t - 3 potions of attraction
 u - 2 potions of brilliance
 F - 2 potions of ambrosia
 G - 2 potions of haste
 H - 3 potions of might
 J - 4 potions of berserk rage


   Skills:
 + Level 19.8 Fighting
 - Level 12.0 Long Blades
 - Level 2.0 Polearms
 - Level 2.0 Ranged Weapons
 - Level 7.0 Armour
 - Level 1.5 Dodging
 - Level 2.1 Stealth
 - Level 7.0 Shields
 + Level 13.3 Spellcasting
 - Level 10.6 Conjurations
 - Level 4.7 Translocations
 - Level 1.5 Transmutations
 * Level 9.1 Fire Magic
 - Level 10.2 Earth Magic
 - Level 5.0 Poison Magic


You had 23 spell levels left.
You knew the following spells:

 Your Spells              Type           Power      Damage    Failure   Level
a - Sandblast             Erth           100%       2d20      1%          1
b - Stone Arrow           Conj/Erth      100%       3d13      1%          3
c - Passwall              Tmut/Erth      35%        N/A       1%          2
d - Blink                 Tloc           72%        N/A       2%          2
e - Olgreb's Toxic Radia  Pois           38%        N/A       4%          4
f - Fireball              Conj/Fire      28%        3d12      1%          5
g - Conjure Flame         Conj/Fire      57%        6-21      1%          3

Your spell library contained the following spells:

 Spells                   Type           Power      Damage    Failure   Level
 Irradiate                Conj/Tmut      21%        3d18      7%          5
 Apportation              Tloc           72%        N/A       1%          1
 Foxfire                  Conj/Fire      100%       2x1d9     1%          1
 Magic Dart               Conj           100%       1d8       1%          1
 Searing Ray              Conj           100%       2d8       1%          2
 Inner Flame              Hex/Fire       36%        N/A       1%          3
 Mephitic Cloud           Conj/Pois/Air  39%        N/A       1%          3
 Flame Wave               Conj/Fire      57%        2d14      1%          4
 Fulminant Prism          Conj/Hex       19%        3d11      3%          4
 Lesser Beckoning         Tloc           36%        N/A       4%          3
 Petrify                  Tmut/Erth      42%        N/A       10%         4
 Slow                     Hex            60%        N/A       11%         1
 Portal Projectile        Hex/Tloc       52%        N/A       12%         3
 Call Imp                 Summ           15%        N/A       16%         2
 Freezing Cloud           Conj/Ice/Air   15%        6-21      17%         5
 Confusing Touch          Hex            15%        N/A       32%         3
 Ozocubu's Armour         Ice            15%        N/A       32%         3
 Tukima's Dance           Hex            15%        N/A       32%         3
 Vampiric Draining        Necr           15%        2d7       32%         3
 Borgnjor's Vile Clutch   Necr/Erth      19%        N/A       34%         5
 Manifold Assault         Tloc           36%        N/A       38%         5
 Conjure Ball Lightning   Conj/Air       19%        3x3d6     41%         6
 Alistair's Intoxication  Tmut/Pois      20%        N/A       58%         5
 Eringya's Noxious Bog    Tmut/Pois      15%        N/A       67%         6
 Summon Forest            Summ/Tloc      13%        N/A       73%         5
 Blade Hands              Tmut           11%        N/A       83%         5
 Metabolic Englaciation   Hex/Ice        7%         N/A       96%         5
 Simulacrum               Ice/Necr       7%         N/A       100%        6
 Summon Hydra             Summ           7%         N/A       100%        7
 Discord                  Hex            7%         N/A       100%        8
 Disjunction              Tloc           18%        N/A       100%        8
 Polar Vortex             Ice            7%         N/A       100%        9


Dungeon Overview and Level Annotations

Branches:
Dungeon (15/15)            Temple (1/1) D:6            Lair (5/5) D:8
 Shoals (4/4) Lair:2        Snake (0/4) Lair:3        Slime (0/5) Lair:5
    Orc (2/2) D:9             Elf (0/3) Orc:2        Vaults (0/5) D:13
 Depths (1/4) D:15          Sewer (visited)

Altars:
Ashenzari
Cheibriados
Dithmenos
Elyvilon
Fedhas
Gozag
Hepliaklqana
Kikubaaqudgha
Makhleb
Nemelex Xobeh
Okawaru
Qazlal
Ru
Sif Muna
Trog
Uskayaw
Vehumet
Wu Jian
Xom
Yredelemnul
Zin
The Shining One
Jiyva

Shops:
D:3 (   D:11 :   D:12 =   Orc:2 :===   Shoals:1 *

Portals:
Trove: D:14 (show slimy rune of Zot)

Annotations:
Lair:1 2 transporters
Depths:1 the Enchantress


Innate Abilities, Weirdness & Mutations

You are a tree.
Your roots penetrate the ground, keeping you stationary.
You cannot be teleported.
You are immune to unholy pain and torment.
Your maximum health is greatly increased.
Your equipment is partially melded.
You are immune to sickness and miasma.
((Your stone body is resilient. (AC +13)))
You are immune to poison.
((Your large and strong wings let you fly.))
You resist negative energy. (rN+)
((You are resistant to electric shocks. (rElec)))
You are resistant to unholy torment.
You are immune to petrification.


Message History

The air twists around and strikes you!! You block the Enchantress's attack.
The spriggan defender hits you but does no damage.
Press: ? - help, v - describe, . - travel, g - get item
Here: the Enchantress, wielding a +8 quick blade, wearing the +4 faerie dragon scales {Contam +Blink rCorr Int+6}, wearing a +2 buckler of reflection and quivering stones (lightly wounded, fast, repelling missiles, very poisoned, reflecting blocked projectiles)
Items here: ! ) [[ †.
The floor.
You feel yourself speed up.
The spriggan defender hits you but does no damage.
You block the Enchantress's attack.
The spriggan defender closely misses you.
Casting: Fireball (mildly dangerous; 1% risk of failure)
Confirm with . or Enter, or press ? or * to list all spells.
Aiming: Fireball (mildly dangerous; 1% risk of failure)
Press: ? - help, Shift-Dir - straight line, f/p - spriggan
Aim: a spriggan, wielding a +0 spear (lightly wounded, poisoned)
Okay, then.
The Enchantress hits you with a +8 quick blade!!
* * * LOW HITPOINT WARNING * * *
The spriggan air mage waves its arms in wide circles.
The air twists around and strikes you!
* * * LOW HITPOINT WARNING * * *
Really quaff the potion of lignification?
You turn into a tree.
Your +1 cloak melds into your body.
Your +2 helmet of intelligence melds into your body.
Your +2 pair of gloves melds into your body.
The +5 ring mail "Amuwn" {rF+ rC- Int+3 Dex+5} melds into your body.
You feel stupid.
Your roots penetrate the ground.
The Enchantress hits you with a +8 quick blade.
* * * LOW HITPOINT WARNING * * *
You block the spriggan defender's attack.
Okay, then.
You feel better.
The spriggan looks more healthy.
The Enchantress hits you but does no damage.
The spriggan defender hits you with a +4 vorpal flail.
* * * LOW HITPOINT WARNING * * *
x2 The spriggan defender hits you with a +0 rapier of venom!
* * * LOW HITPOINT WARNING * * *
The spriggan hits you from afar with a +0 spear!
You die...

........................ .C
#.........##......≈≈≈....^.
i.i#..>.....##.......~~≈......
Yi#..... #..##.......~~....#.
###..i...##..#.#.........#.##.
.....i..##..........[...##....
........###.............##.#..
........###.i.................
.........i.ii♣......!.........
........i..ii......[...[.###.#
............i............# ##.
.#.......................# ##
......#..................# #
......#.............>....#
......#.........#........#
..............#...#......#
#...#....#


You could see the Enchantress (fast, repels missiles, very poisoned,
reflecting), 2 spriggan defenders, a spriggan berserker (regenerating,
strong-willed, poisoned), a spriggan air mage (repels missiles, poisoned) and 3
spriggans.

Vanquished Creatures
  Saint Roka (Orc:2)
  Rupert (D:13)
  4 krakens (Shoals:3)
  A sphinx (Shoals:4)
  Gastronok (D:11)
  A fire giant (Depths:1)
  Ilsuiw (Shoals:2)
  A frost giant (Depths:1)
  An orc warlord (Orc:2)
  An ironbound preserver (D:13)
  A spriggan defender (Depths:1)
  A juggernaut skeleton (Depths:1)
  Nessos (D:13)
  Azrael (D:12)
  3 minotaurs (Shoals:4)
  Snorg (Lair:4)
  6 spark wasps (Depths:1)
  An ettin (Depths:1)
  3 merfolk javelineers
  2 fire dragons (Depths:1)
  3 merfolk impalers
  2 hydras (Lair:5)
  A juggernaut simulacrum (Depths:1)
  4 ice dragons
  3 alligator snapping turtles
  4 boulder beetles
  A caustic shrike simulacrum (Depths:1)
  9 two-headed ogres
  3 merfolk avatars
  An ogre mage (D:15)
  9 merfolk aquamancers (Shoals:3)
  4 deep troll earth magi (Depths:1)
  5 centaur warriors
  7 satyrs (Shoals:4)
  A deep troll shaman (Depths:1)
  4 tengu warriors
  11 death yaks
  An orc high priest (Orc:2)
  Urug (D:11)
  A vampire mage (Depths:1)
  Sonja (Lair:1)
  A spark wasp zombie (Depths:1)
  8 sea snakes
  An iron troll (Depths:1)
  2 deep trolls (Depths:1)
  2 wizards
  An orc knight (Orc:1)
  17 harpies
  A mana viper (shapeshifter) (D:13)
  2 necromancers
  6 cyclopes
  4 deep elf pyromancers
  6 orc sorcerers
  11 fauns
  A sphinx skeleton (Depths:1)
  A moth of wrath (Lair:5)
  16 ugly things
  An elephant (shapeshifter) (D:13)
  16 manticores
  7 elephants
  8 black mambas
  10 merfolk sirens
  A frost giant skeleton (Depths:1)
  10 water nymphs
  5 cane toads
  A kobold demonologist (D:10)
  4 unseen horrors
  8 komodo dragons
  4 rime drakes
  A tengu conjurer (D:13)
  A guardian mummy (D:14)
  8 polar bears
  3 meliai (D:13)
  45 merfolk
  5 trolls
  10 wind drakes
  6 hornets
  6 blink frogs
  A tyrant leech (Lair:5)
  5 dream sheep
  5 snapping turtles
  4 slime creatures (D:14)
  A stone giant simulacrum (Depths:1)
  4 shadows
  3 wraiths (D:13)
  8 water elementals
  4 wyverns
  18 yaks
  14 spriggans
  5 vampires (D:12)
  4 fire elementals (D:12)
  9 basilisks
  A death yak simulacrum (Lair:2)
  A glowing shapeshifter zombie (Depths:1)
  A vampire mosquito (D:13)
  Menkaure (D:6)
  A steam dragon (D:7)
  3 swamp worms (Lair:5)
  6 wargs
  12 water moccasins
  An acid dragon (D:10)
  Duvessa (D:5)
  5 hell hounds
  A sky beast (D:8)
  2 ice beasts
  33 orc warriors
  5 black bears
  6 ogres
  59 wolves
  6 centaurs
  4 boggarts (Lair:5)
  2 phantoms (D:12)
  4 kobold brigands
  20 bullfrogs
  2 gnoll sergeants
  A necrophage (D:6)
  A cane toad simulacrum (Lair:2)
  3 scorpions
  Dowan (D:5)
  An elephant simulacrum (Lair:2)
  An electric eel (Lair:2)
  3 gnoll boudas
  4 hounds
  23 orc priests
  2 jellies
  3 iguanas
  4 hell rats (Lair:3)
  37 orc wizards
  8 ogre zombies (D:9)
  4 adders
  32 gnolls
  A river rat (D:5)
  A shadow imp (D:8)
  A white imp (D:7)
  2 worms
  4 dart slugs
  66 orcs
  18 bats
  9 endoplasms
  5 giant cockroaches
  10 goblins
  10 hobgoblins
  6 jackals
  25 kobolds
  5 quokkas
  5 ball pythons
  6 frilled lizards
  3 goblin skeletons (D:9)
  4 goblin zombies (D:9)
  A hobgoblin skeleton (D:9)
  4 hobgoblin zombies (D:9)
  3 orc skeletons (D:9)
  10 orc zombies (D:9)
  9 rats
  4 tentacles (Shoals:3)
951 creatures vanquished.

Vanquished Creatures (others)
  A goblin (D:7)
  A butterfly (D:3)
  49 fungi
  189 plants
  18 tentacles (Shoals:3)
258 creatures vanquished.

Grand Total: 1209 creatures vanquished

Notes
Turn   | Place    | Note
-------+----------+-------------------------------------------
     0 | D:1      | Nickssm the Gargoyle Earth Elementalist began the quest for
                  | the Orb.
     0 | D:1      | Reached XP level 1. HP: 10/10 MP: 3/3
   358 | D:1      | Reached skill level 1 in Transmutations
   401 | D:1      | Reached XP level 2. HP: 13/15 MP: 5/5
  1155 | D:1      | Reached XP level 3. HP: 17/19 MP: 6/6
  2353 | D:3      | Identified the +6 spear of Lulepnod {vorpal, rElec rN+
                  | Dex+2 SInv}
  2362 | D:3      | Learned a level 3 spell: Stone Arrow
  2381 | D:3      | Found a white marble altar of Elyvilon.
  2386 | D:3      | Noticed a black bear
  2410 | D:3      | Reached XP level 4. HP: 12/24 MP: 4/7
  2582 | D:3      | Found a glowing golden altar of the Shining One.
  2598 | D:3      | Found Raudorpha's Weapon Boutique.
  2672 | D:3      | Found a faded altar of an unknown god.
  2688 | D:3      | Found an iron altar of Okawaru.
  2937 | D:3      | Reached skill level 5 in Earth Magic
  3113 | D:3      | Killed a black bear
  3114 | D:3      | Reached skill level 1 in Fighting
  3114 | D:3      | Reached skill level 1 in Polearms
  3114 | D:3      | Reached XP level 5. HP: 16/30 MP: 3/9
  3538 | D:4      | Reached skill level 2 in Fighting
  3835 | D:4      | Learned a level 2 spell: Passwall
  3871 | D:4      | Reached XP level 6. HP: 28/35 MP: 0/10
  5165 | D:5      | Entered Level 5 of the Dungeon
  5250 | D:5      | Found a snail-covered altar of Cheibriados.
  5284 | D:5      | Noticed an ice beast
  5563 | D:5      | Reached skill level 3 in Fighting
  5563 | D:5      | Reached skill level 1 in Long Blades
  5563 | D:5      | Reached XP level 7. HP: 41/41 MP: 2/12
  5778 | D:5      | Found a glowing drain.
  5790 | Sewer    | Entered a sewer
  6337 | D:5      | Found a blossoming altar of Fedhas.
  6341 | D:5      | Noticed Duvessa
  6342 | D:5      | Noticed Dowan
  6368 | D:5      | Killed Duvessa
  6369 | D:5      | Reached skill level 4 in Fighting
  6369 | D:5      | Reached XP level 8. HP: 48/48 MP: 7/14
  6441 | D:5      | Killed Dowan
  7455 | D:6      | Reached skill level 1 in Armour
  7676 | D:5      | Reached skill level 8 in Fighting
  7676 | D:5      | Reached skill level 10 in Earth Magic
  7676 | D:5      | Reached XP level 9. HP: 59/59 MP: 15/20
  8047 | D:6      | Noticed Menkaure
  8059 | D:6      | Killed Menkaure
  8060 | D:6      | Reached skill level 1 in Ranged Weapons
  8386 | D:6      | Found a staircase to the Ecumenical Temple.
  8403 | Temple   | Entered the Ecumenical Temple
  8408 | Temple   | Became a worshipper of Vehumet
  8743 | D:7      | Reached XP level 10. HP: 65/65 MP: 17/21
  8955 | D:7      | Found a flagged portal.
  9351 | D:7      | Noticed an unseen horror
  9360 | D:7      | Killed an unseen horror
  9566 | D:7      | Learned a level 2 spell: Blink
  9677 | D:7      | Found a shadowy altar of Dithmenos.
  9721 | D:7      | Reached * piety under Vehumet
  9721 | D:7      | Offered knowledge of Shock by Vehumet.
  9954 | D:7      | Found an ancient bone altar of Kikubaaqudgha.
  9988 | D:7      | Reached skill level 9 in Fighting
 10936 | D:8      | Found a staircase to the Lair.
 11045 | D:8      | Found a sacrificial altar of Ru.
 11479 | D:9      | Noticed a tengu warrior
 11516 | D:9      | Noticed a tengu warrior
 11562 | D:9      | Killed a tengu warrior
 11563 | D:9      | Reached skill level 5 in Long Blades
 11701 | Lair:1   | Entered Level 1 of the Lair of Beasts
 11810 | Lair:1   | Noticed Sonja
 11813 | Lair:1   | Killed Sonja
 11814 | Lair:1   | Reached XP level 11. HP: 72/72 MP: 23/23
 12026 | D:3      | Bought the +8 autumn katana {vorpal, manifold assault} for
                  | 505 gold pieces
 12026 | D:3      | Found the +8 autumn katana {vorpal, manifold assault}
 12141 | Lair:1   | Identified the +5 ring mail "Amuwn" {rF+ rC- Int+3 Dex+5}
 12347 | Lair:1   | Reached skill level 10 in Fighting
 12352 | Lair:1   | Offered knowledge of Foxfire by Vehumet.
 12466 | Lair:1   | Found a transporter.
 12491 | Lair:1   | Reached ** piety under Vehumet
 12584 | Lair:1   | Found a transporter.
 13200 | Lair:2   | Found a staircase to the Shoals.
 13404 | Lair:2   | Reached skill level 11 in Fighting
 13515 | Lair:2   | Noticed a death yak
 13516 | Lair:2   | Noticed a death yak
 13665 | Lair:2   | Found a frozen archway.
 13726 | Lair:2   | Found a dark tunnel.
 13800 | Lair:2   | Identified the +9 dagger "Kolanwuimp" {vamp, Fly Int+6
                  | SInv}
 13981 | Lair:2   | Noticed a death yak
 14003 | Lair:2   | Killed a death yak
 14059 | Lair:1   | Killed a death yak
 14196 | Lair:2   | Killed a death yak
 14197 | Lair:2   | Reached XP level 12. HP: 12/80 MP: 16/25
 14962 | Lair:3   | Offered knowledge of Ignite Poison by Vehumet.
 14974 | Lair:3   | Reached skill level 12 in Fighting
 15667 | Lair:3   | Found a staircase to the Snake Pit.
 16426 | Lair:3   | Reached skill level 13 in Fighting
 16548 | Lair:3   | Reached *** piety under Vehumet
 16564 | Lair:3   | Reached skill level 1 in Conjurations
 17256 | Lair:4   | Noticed Snorg
 17281 | Lair:3   | Offered knowledge of Airstrike by Vehumet.
 17282 | Lair:3   | Reached skill level 10 in Long Blades
 17489 | Lair:4   | Reached XP level 13. HP: 41/88 MP: 14/26
 17715 | Lair:4   | Killed Snorg
 18057 | Lair:4   | Reached **** piety under Vehumet
 18146 | Lair:4   | Offered knowledge of Olgreb's Toxic Radiance by Vehumet.
 18577 | Lair:5   | Entered Level 5 of the Lair of Beasts
 19151 | Lair:5   | Reached skill level 5 in Conjurations
 19159 | Lair:5   | Learned a level 4 spell: Olgreb's Toxic Radiance
 19231 | Lair:5   | Reached skill level 14 in Fighting
 19458 | Lair:5   | Reached ***** piety under Vehumet
 19584 | Lair:5   | Offered knowledge of Starburst by Vehumet.
 19604 | Lair:5   | Found a viscous altar of Jiyva.
 19605 | Lair:5   | Found a staircase to the Slime Pits.
 20051 | Lair:5   | Reached skill level 1 in Shields
 20104 | Lair:5   | Gained mutation: Your large and strong wings let you fly.
                  | [Gargoyle growth]
 20104 | Lair:5   | Reached XP level 14. HP: 49/96 MP: 5/27
 21645 | D:9      | Found a staircase to the Orcish Mines.
 21693 | D:9      | Reached skill level 15 in Fighting
 22181 | D:9      | Found a shimmering altar of Xom.
 22337 | D:10     | Entered Level 10 of the Dungeon
 22409 | D:10     | Found an opulent altar of Gozag.
 22715 | D:10     | Found a shimmering blue altar of Sif Muna.
 23965 | D:11     | Noticed Urug
 23980 | D:11     | Killed Urug
 24061 | D:11     | Noticed Gastronok
 24070 | D:11     | Killed Gastronok
 24296 | D:11     | Found Opanlole's Self-Improvement Boutique.
 25209 | D:12     | Found Zutoafef's Jewellery Shop.
 25351 | D:12     | Offered knowledge of Fireball by Vehumet.
 25586 | D:12     | Noticed Azrael
 25592 | D:12     | Reached skill level 16 in Fighting
 25612 | D:12     | Killed Azrael
 25613 | D:12     | Reached skill level 10 in Conjurations
 26276 | D:13     | Noticed an ironbound preserver
 26295 | D:13     | Found a gate to the Vaults.
 26300 | D:13     | Reached ****** piety under Vehumet
 26330 | D:13     | Killed an ironbound preserver
 26339 | D:13     | Reached XP level 15. HP: 68/105 MP: 24/28
 26479 | D:13     | Learned a level 5 spell: Fireball
 26528 | D:13     | Reached skill level 1 in Fire Magic
 26595 | D:13     | Noticed Nessos
 26810 | D:13     | Killed Nessos
 26994 | D:13     | Found a hide-covered altar of Uskayaw.
 27229 | D:13     | Noticed Rupert
 27250 | D:13     | Paralysed by Rupert for 4 turns
 27274 | D:13     | Killed Rupert
 27747 | Orc:1    | Entered Level 1 of the Orcish Mines
 28244 | Orc:2    | Entered Level 2 of the Orcish Mines
 28398 | Orc:2    | Found a staircase to the Elven Halls.
 28503 | Orc:2    | Noticed an orc warlord
 28622 | Orc:2    | Killed an orc warlord
 28759 | Orc:2    | Offered knowledge of Lee's Rapid Deconstruction by Vehumet.
 28767 | Orc:2    | Noticed Saint Roka
 28800 | Orc:2    | Killed Saint Roka
 28801 | Orc:2    | Reached skill level 5 in Fire Magic
 29151 | Orc:2    | Reached skill level 17 in Fighting
 29528 | Orc:2    | Found Xiqizu's Jewellery Shop.
 29528 | Orc:2    | Found Dyakydia's Jewellery Shop.
 29529 | Orc:2    | Found Caaddo Achargh's Jewellery Boutique.
 29532 | Orc:2    | Found Ushril's Book Boutique.
 30455 | D:14     | Identified the +7 plate armour of Greater Demons {Harm rF-
                  | Regen+}
 30506 | D:14     | Offered knowledge of Spellforged Servitor by Vehumet.
 30516 | D:14     | Reached skill level 1 in Poison Magic
 30872 | D:14     | Found an ornate altar of the Wu Jian Council.
 31420 | D:14     | Found a portal to a secret trove of treasure.
 31662 | D:15     | Entered Level 15 of the Dungeon
 31673 | D:15     | Reached skill level 10 in Spellcasting
 31937 | D:15     | Found a staircase to the Depths.
 32281 | D:15     | Identified the +0 chain mail of Kuasaumu {Regen+ Int+2
                  | Dex+2}
 32298 | D:15     | Reached XP level 16. HP: 112/112 MP: 30/30
 33345 | Orc:2    | Bought a ring of willpower for 325 gold pieces
 33480 | Shoals:1 | Entered Level 1 of the Shoals
 33614 | Shoals:1 | Reached skill level 5 in Poison Magic
 34064 | Shoals:1 | Found Puliecke's Overcharged Wands.
 35776 | Shoals:2 | Reached skill level 18 in Fighting
 36030 | Shoals:2 | Offered knowledge of Ozocubu's Refrigeration by Vehumet.
 36103 | Shoals:2 | Noticed Ilsuiw
 37364 | Shoals:3 | Reached skill level 5 in Shields
 37543 | Shoals:2 | Killed Ilsuiw
 38268 | Shoals:3 | Noticed a kraken
 38275 | Shoals:3 | Killed a kraken
 38337 | Shoals:3 | Found a runed translucent door.
 38370 | Shoals:3 | Noticed a kraken
 38380 | Shoals:3 | Killed a kraken
 38672 | Shoals:3 | Reached XP level 17. HP: 42/120 MP: 26/33
 39399 | Shoals:3 | Noticed a kraken
 39403 | Shoals:3 | Noticed a kraken
 39405 | Shoals:3 | Killed a kraken
 39629 | Shoals:3 | Killed a kraken
 39630 | Shoals:3 | Reached skill level 19 in Fighting
 40461 | Shoals:4 | Entered Level 4 of the Shoals
 40490 | Shoals:3 | Reached skill level 1 in Translocations
 41059 | Shoals:4 | Noticed a sphinx
 41275 | Shoals:4 | Identified the ring "Akkudo" {Drain rElec rPois AC+4
                  | Slay+5}
 42138 | Shoals:4 | Killed a sphinx
 42174 | Shoals:4 | Offered knowledge of Irradiate by Vehumet.
 42805 | Shoals:4 | Got a barnacled rune of Zot
 43668 | Depths:1 | Entered Level 1 of the Depths
 45152 | Orc:2    | Bought a ring of protection from fire for 350 gold pieces
 45662 | Depths:1 | Learned a level 3 spell: Conjure Flame
 45887 | Depths:1 | Reached XP level 18. HP: 119/129 MP: 35/35
 46647 | Depths:1 | Noticed the Enchantress
 46659 | Depths:1 | HP: 5/129 [spriggan air mage/the air[the Enchantress] (16)]
 46661 | Depths:1 | Slain by a spriggan

Illustrated notes

Levels and vault maps discovered:
D:1:      dpeg_arrival_erosion, layout_loops_corners, kennysheep_nondescript,
          chequers_serial_rivers_marsh
D:2:      layout_rooms, supply_closet_lemuel
D:3:      layout_basic, mainiacjoe_overflow_paths, okawaru_ov_weapons_minmay,
          nicolae_elyvilon_peaceful_grove, serial_shops,
          nicolae_shop_bloodbath_and_beyond, shapermc_ecumenical_altar_pompeii,
          hangedman_decor_growths, minmay_checkerbox
D:4:      layout_layer_cave, grunt_decor_cap
D:5:      layout_layer_cave, mainiacjoe_overflow_catwalk, cheibriados_altar_1,
          portal_sewer_entry_e, uniq_duvessa
D:6:      layout_basic, minmay_temple_entry_stoned_glass, uniq_menkaure
D:7:      layout_basic, kiku_gazebo_pond_becter,
          grunt_dithmenos_smoke_and_mirrors, enter_bailey_3,
          grunt_decor_arrowhead, grunt_decor_clamped
D:8:      layout_loops_ring, lemuel_round_altar, grunt_lair_entry_orc_guard_hut
D:9:      layout_big_octagon, tgw_xom, zombieorc2_lemuel
D:10:     layout_basic, nicolae_overflow_hidden_temple,
          overflow_temple_1_default
D:11:     layout_long_grid, serial_glass, glass_columns_a, glass_columns_a,
          glass_columns_b, glass_columns_a, nicolae_shop_self_help,
          uniq_gastronok, uniq_urug
D:12:     layout_loops_cross, serial_shops, nicolae_take_the_stairs,
          hangedman_batty, uniq_azrael
D:13:     layout_roguey, skrybe_vaults_entry_preservation,
          dancing_weapons_uskayaw, uniq_nessos, uniq_rupert
D:14:     layout_basic, nicolae_trove_entry_path_of_doom,
          nicolae_wu_jian_immortal_techniques
D:15:     grunt_enter_depths_hoard, layout_loops_cross,
          hangedman_abyss_or_decor_passed
Temple:   minmay_freezing_vapour_temple
Lair:1:   gammafunk_worm_tunnel, layout_chaotic_city, uniq_sonja
Lair:2:   layout_cave_pods, shoals_dummy_entry, enter_volcano_3,
          portal_ice_cave_entry_ice_simulacra, amcnicky_mini_pool_medium
Lair:3:   layout_misc_corridors, minmay_snake_entry_six_corridors, ldierk_geyser
Lair:4:   layout_loops_ring, grunt_forest_large_clearings, uniq_snorg
Lair:5:   minmay_lair_end_enchanted_forest, layout_cave_pods, slime_entry_1,
          minivault_25, worms_lemuel
Shoals:1: layout_shoals, nicolae_shop_overcharged_wands
Shoals:2: layout_shoals, uniq_ilsuiw
Shoals:3: nicolae_shoals_lighthouse, layout_shoals
Shoals:4: shoals_end_hellmonk_lost_city
Orc:1:    layout_diamond_mine
Orc:2:    st_orc_mages, layout_diamond_mine, uniq_saint_roka
Depths:1: layout_cave_pools, pf_hell_entry_tar_river,
          hangedman_abyss_or_decor_slice, serial_sigils_hangedman_carve,
          hex_medium, nicolae_sextant, minivault_22, drop_trap,
          nicolae_shop_firing_range, uniq_enchantress

Skill      XL: |  1  2  3  4  5  6  7  8  9 10 11 12 13 14 15 16 17 18 |
---------------+-------------------------------------------------------+-----
Transmutations | 1 |  1.5
Earth Magic    | 4 5 6 10 | 10.2
Fighting       | 1 2 3 4 8 9 11 13 14 16 17 18 19 | 19.8
Polearms       | 1 2 |  2.0
Spellcasting   | 3 4 7 8 9 10 12 13 | 13.3
Long Blades    | 1 2 3 5 7 10 12 | 12.0
Armour         | 6 7 |  7.0
Ranged Weapons | 1 2 |  2.0
Conjurations   | 3 6 10 | 10.6
Shields        | 2 6 7 |  7.0
Fire Magic     | 6 8 9 |  9.1
Poison Magic   | 4 5 |  5.0
Translocations | 4 |  4.7
Dodging        | |  1.5
Stealth        | |  2.1

Action                   |  1- 3 |  4- 6 |  7- 9 | 10-12 | 13-15 | 16-18 || total
-------------------------+-------+-------+-------+-------+-------+-------++-------
Melee: Dagger            |   101 |       |       |       |     1 |       ||   102
       Unarmed           |     1 |       |       |       |       |       ||     1
       Spear             |     1 |    52 |   117 |    74 |       |       ||   244
       Punch             |     1 |       |       |     7 |     2 |       ||    10
       Katana            |       |       |       |   420 |   737 |   640 ||  1797
 Cast: Sandblast         |    27 |     9 |     3 |     2 |     7 |     1 ||    49
       Stone Arrow       |       |    13 |    58 |   178 |   343 |   177 ||   769
       Blink             |       |       |       |     2 |     2 |     1 ||     5
       Olgreb's Toxic Ra |       |       |       |       |    64 |    23 ||    87
       Fireball          |       |       |       |       |    79 |   249 ||   328
Evoke: Wand              |       |       |       |     3 |     4 |       ||     7
  Use: Scroll            |       |       |    20 |     7 |     2 |     3 ||    32
       Potion            |       |       |     1 |     1 |     3 |    15 ||    20
 Stab: Sleeping          |     5 |    10 |     3 |     1 |     3 |       ||    22
       Distracted        |     1 |       |       |       |     1 |       ||     2
Armor: Robe              |    62 |    35 |    44 |       |       |       ||   141
       Ring mail         |       |       |    12 |     4 |   166 |   350 ||   532
       Steam dragon scal |       |       |       |   377 |   115 |       ||   492
       Ice dragon scales |       |       |       |       |       |    41 ||    41
       Skin              |       |       |       |       |       |     1 ||     1
Dodge: Dodged            |    74 |    54 |    65 |   353 |   244 |   230 ||  1020
Block: Buckler           |       |       |       |       |    81 |    68 ||   149
       Kite shield       |       |       |       |       |       |   170 ||   170
